 Dungeon Crawl Stone Soup version 0.29-a0-67-g1d65ae1bb4 (webtiles) character file.

Game seed: 7409273646458228677

119 Glokmah the Skirmisher (level 5, -7/42 HPs)
             Began as a Human Fighter on Feb 3, 2022.
             Killed by nerve-wracking pain
             ... invoked by a shadow imp
             ... summoned by Natasha
              (12 damage)
             ... on level 2 of the Dungeon.
             The game lasted 00:03:43 (2302 turns).

Glokmah the Skirmisher (Human Fighter)              Turns: 2302, Time: 00:03:43

Health: -7/42      AC:  9    Str: 19    XL:     5   Next: 23%
Magic:  5/5        EV:  9    Int:  8    God:
Gold:   111        SH:  0    Dex: 12    Spells: 4/4 levels left

rFire   . . .      SeeInvis .   o - +3 dagger (venom)
rCold   . . .      Faith    .   (no shield)
rNeg    . . .      Spirit   .   b - +0 scale mail
rPois   .          Reflect  .   (no helmet)
rElec   .          Harm     .   (no cloak)
rCorr   .          Rampage  .   i - +0 pair of gloves
Will    .....                   n - +0 pair of boots
Stlth   ..........              (no amulet)
HPRegen 0.14/turn               (no ring)
MPRegen 0.09/turn               (no ring)

@: no status effects
A: no striking features
a: no special abilities


You were on level 2 of the Dungeon.
You visited 1 branch of the dungeon, and saw 2 of its levels.

You collected 111 gold pieces.

Inventory:

Hand Weapons
 a - a +0 trident
 h - a +0 arbalest
 o - a +3 dagger of venom (weapon)
Missiles
 j - 33 bolts
Armour
 b - a +0 scale mail (worn)
 c - a +0 buckler
 i - a +0 pair of gloves (worn)
 n - a +0 pair of boots (worn)
Jewellery
 g - an amulet of faith
Scrolls
 e - 2 scrolls of immolation {unknown}
 k - a scroll of amnesia {unknown}
 p - a scroll of identify {unknown}
 r - a scroll of enchant weapon {unknown}
Potions
 d - a potion of might
 f - a potion of curing {unknown}
 l - a potion of haste {unknown}
 m - a potion of resistance
 q - a potion of attraction {unknown}


   Skills:
 + Level 3.9 Fighting
 - Level 2.4 Polearms
 * Level 2.6 Crossbows
 - Level 3.3 Armour
 - Level 3.3 Shields


You had 4 spell levels left.
You didn't know any spells.
Your spell library contained the following spells:

 Spells                   Type           Power      Damage    Failure   Level
 Ensorcelled Hibernation  Hex/Ice        0%         N/A       88%         2
 Static Discharge         Conj/Air       0%         N/A       88%         2
 Spider Form              Tmut/Pois      0%         N/A       98%         3
 Anguish                  Hex/Necr       0%         N/A       100%        4
 Hailstorm                Conj/Ice       0%         3d3       100%        4
 Sticky Flame             Conj/Fire      0%         2d3       100%        4


Dungeon Overview and Level Annotations

Branches:
Dungeon (2/15)

Altars:

Annotations:
D:2 Natasha


Message History

You feel very sick. The adder barely misses you.
You barely miss the adder.
The adder is lightly wounded.
* * * LOW HITPOINT WARNING * * *
You feel very sick. The adder bites you but does no damage.
Natasha casts a spell.
Unknown command.
Okay, then.
You hit the adder.
The adder is poisoned.
The adder is lightly wounded.
* * * LOW HITPOINT WARNING * * *
You feel sick. The adder closely misses you.
The adder bites you but does no damage.
You barely miss the adder.
The adder is lightly wounded.
You feel sick. The adder bites you but does no damage.
You feel sick.
You feel sick. The adder bites you but does no damage.
You feel sick.
You feel sick.
You feel sick. The adder bites you but does no damage.
You feel sick.
You are no longer poisoned.
Natasha casts a spell.
Found a short sword.
You kill the adder!
Natasha mumbles some strange words.
Natasha glows brightly for a moment.
Natasha mumbles some strange words.
Natasha wildly gestures.
Natasha's front paws start to glow.
The shadow imp disappears for a moment.
The shadow imp grins evilly.
You see here a +0 dagger.
Natasha mumbles some strange words.
The shadow imp gestures at you. Pain shoots through your body!
You die...

# #.########.###...........# #
##.## #.##..###.####..#
###...##### #....)# #.......#####
....#.....######..###..###.......
###...###.............#)......###
# ##.## #.#######....#.####.#.# #
#.# #.# #...........#.#
####.####.#######......####.# #
....S.Sh).5...#.@......# .#
###.#####.##..#.##...<.# .# #.#
#.##..#.###.#.......( #.#
#.##..5.............. #h#
#.##..#.###...######.
###S#####.##..........#
.....)....##.†#.###.#.#
###S########......#.#.#
#.########..###.#.#..


You could see a shadow imp (summoned).

Vanquished Creatures
  Natasha (D:2)
  4 adders (D:2)
  A worm (D:2)
  A dart slug (D:1)
  7 endoplasms
  2 giant cockroaches
  7 goblins
  2 hobgoblins
  2 jackals (D:1)
  A quokka (D:2)
  8 ball pythons
  4 bats (D:1)
  3 frilled lizards
  6 kobolds
  3 rats (D:1)
52 creatures vanquished.

Vanquished Creatures (others)
  5 fungi (D:1)
  4 plants (D:1)
9 creatures vanquished.

Grand Total: 61 creatures vanquished

Notes
Turn   | Place    | Note
-------+----------+-------------------------------------------
     0 | D:1      | Glokmah the Human Fighter began the quest for the Orb.
     0 | D:1      | Reached XP level 1. HP: 18/18 MP: 1/1
   229 | D:1      | Reached XP level 2. HP: 24/24 MP: 2/2
   618 | D:1      | Reached XP level 3. HP: 4/29 MP: 3/3
  1020 | D:1      | Found a faded altar of an unknown god.
  1575 | D:2      | Got the Collected Works on Combat Magic
  1586 | D:2      | Reached skill level 1 in Crossbows
  1594 | D:2      | Reached XP level 4. HP: 21/35 MP: 4/4
  2034 | D:2      | Noticed Natasha
  2042 | D:2      | Killed Natasha
  2043 | D:2      | Reached XP level 5. HP: 36/42 MP: 5/5
  2258 | D:2      | Noticed Natasha
  2281 | D:2      | HP: 2/42 [poisoned by a goblin]
  2302 | D:2      | Killed from afar by a shadow imp

Illustrated notes

Levels and vault maps discovered:
D:1:      psy_arrival_radial02, layout_loops_ring,
          dreamdust_ecumenical_altar_grove, minmay_vboxes
D:2:      layout_loops_ring, lemuel_flame_loot_1, uniq_natasha, uniq_terence

Skill      XL: |  1  2  3  4 |
---------------+-------------+-----
Crossbows      | 1 2 |  2.6
Fighting       | |  3.9
Polearms       | |  2.4
Armour         | |  3.3
Shields        | |  3.3

Action                   |  1- 3 |  4- 6 || total
-------------------------+-------+-------++-------
Melee: Trident           |   133 |    20 ||   153
       Dagger            |       |    32 ||    32
Armor: Scale mail        |    59 |    25 ||    84
Dodge: Dodged            |    49 |    23 ||    72
Block: Buckler           |    23 |       ||    23

Table legend: (Time is in decaauts)
 A = Elapsed time spent in this place.
 B = Non-inter-level travel time spent in this place.
 C = Inter-level travel time spent in this place.
 D = Time resting spent in this place.
 E = Time spent auto-exploring this place.
 F = Levels seen in this place.
 G = Mean time per level.
                   A        B        C        D        E       F      G
               +--------+--------+--------+--------+--------+-----+--------+
         Total |   2335 |   2189 |    146 |    142 |   1542 |   2 | 1167.5 |
       Dungeon |   2335 |   2189 |    146 |    142 |   1542 |   2 | 1167.5 |
               +--------+--------+--------+--------+--------+-----+--------+

Top non-repeatable levels by time:
     D:1: 1589 daAuts
     D:2: 746 daAuts
